 Dungeon Crawl Stone Soup version 0.31-a0-232-gb1c03b2570 (webtiles) character file.

Game seed: 7332759406554296332

1365 qw the Skirmisher (level 8, -7/49 HPs)
             Began as a Gargoyle Hexslinger on July 6, 2023.
             Mangled by a cyclops (22 damage)
             ... on level 6 of the Dungeon.
             The game lasted 00:02:09 (4658 turns).

qw the Skirmisher (Gargoyle Hexslinger)             Turns: 4658, Time: 00:02:09

Health: -7/49      AC: 14    Str: 12    XL:     8   Next: 65%
Magic:  9/9        EV: 10    Int: 14    God:
Gold:   178        SH:  0    Dex: 14    Spells: 8/9 levels left

rFire   . . .        m - +0 orcbow
rCold   . . .        (shield currently unavailable)
rNeg    + + .        b - +0 ring mail
rPois   inf          j - +2 helmet
rElec   +            (no cloak)
rCorr   .            (no gloves)
SInv    .            (no boots)
Will    .....        (no amulet)
Stlth   +            h - ring of positive energy
HPRegen 0.28/turn    (no ring)
MPRegen 0.11/turn

%: no passive effects
@: no status effects
A: sickness immunity, AC +5, negative energy resistance 1, electricity
resistance, torment resistance 1, petrification resistance
a: no special abilities


You were on level 6 of the Dungeon.
You visited 1 branch of the dungeon, and saw 6 of its levels.

You collected 297 gold pieces.
You spent 119 gold pieces at shops.


Innate Abilities, Weirdness & Mutations

You are immune to sickness and miasma.
Your stone body is resilient. (AC +5)
You are immune to poison.
You resist negative energy. (rN+)
You are resistant to electric shocks. (rElec)
You are resistant to unholy torment.
You are immune to petrification.


   Skills:
 - Level 5.0 Fighting
 - Level 9.0 Ranged Weapons
 - Level 2.7 Armour
 + Level 1.5 Dodging
 - Level 1.0 Spellcasting
 - Level 2.6 Hexes


You had 8 spell levels left.
You knew the following spells:

 Your Spells              Type           Power      Damage    Failure   Level
a - Slow                  Hex            32%        N/A       19%         1

Your spell library contained the following spells:

 Spells                   Type           Power      Damage    Failure   Level
 Inner Flame              Hex/Fire       4%         N/A       69%         3
 Portal Projectile        Hex/Tloc       8%         N/A       69%         3
 Cause Fear               Hex            4%         N/A       88%         4

Inventory:

Hand Weapons
 m - a +0 orcbow (weapon)
Armour
 b - a +0 ring mail (worn)
 j - a +2 helmet (worn)
 q - the +8 ring mail of Plog {rElec Will+ MP-9 Str+3}
   (You found it on level 6 of the Dungeon)

   Str:       It affects your strength (+3).
   rElec:     It insulates you from electricity.
   MP:        It affects your magic capacity (-9).
   Will:      It increases your willpower.
Jewellery
 c - a ring of ice
 h - a ring of positive energy (left hand)
 t - a ring of willpower
Scrolls
 a - 2 scrolls of identify
 d - a scroll of enchant weapon {unknown}
 i - a scroll of enchant armour
 r - a scroll of amnesia {unknown}
Potions
 e - a potion of mutation
 f - a potion of lignification {unknown}
 g - a potion of heal wounds
 k - 2 potions of enlightenment {unknown}
 l - a potion of haste {unknown}
 n - a potion of curing {unknown}
 o - a potion of might {unknown}
 p - a potion of invisibility {unknown}
 s - 2 potions of degeneration {unknown}
 u - a potion of brilliance {unknown}

Dungeon Overview and Level Annotations

Branches:
Dungeon (6/15)
 Temple: D:4-7

Altars:
Gozag
Ru
Sif Muna
Trog
Uskayaw
Xom
The Shining One

Shops:
D:5 ?   D:6 **

Annotations:
D:5 1 runed translucent door, qw's ghost, amateur DEHu
D:6 3 runed translucent doors, qw's ghost, novice GrFi


Message History

You shoot an arrow. The arrow hits the hound.
The hound is moderately wounded.
The hound closely misses you.
The hound bites you but does no damage. x2
You shoot an arrow. The arrow hits the hound!
The hound is severely wounded.
The hound bites you but does no damage. x2; The hound closely misses you.
You shoot an arrow. The arrow hits the hound!
You kill the hound!
The hound barely misses you.
Your Ranged Weapons skill increases to level 9!
You shoot an arrow. The arrow hits the cyclops.
The cyclops is lightly wounded.
The black bear bites you but does no damage.
The black bear closely misses you.
The black bear claws you but does no damage.
The black bear bites you but does no damage.
The black bear claws you. The black bear barely misses you.
You shoot an arrow. The arrow barely misses the cyclops.
The arrow closely misses the hound.
The cyclops hits you!! The black bear closely misses you.
The black bear claws you but does no damage. x2
You shoot an arrow. The arrow hits the cyclops.
The cyclops is lightly wounded.
The black bear bites you but does no damage.
The black bear claws you but does no damage. x2
The cyclops barely misses you.
You shoot an arrow. The arrow hits the cyclops.
The cyclops is lightly wounded.
The black bear bites you. The black bear barely misses you.
The black bear claws you but does no damage.
You shoot an arrow. The arrow hits the cyclops!
The cyclops is moderately wounded.
The cyclops hits you but does no damage.
The black bear bites you. The black bear claws you. The black bear misses you.
You shoot an arrow. The arrow hits the cyclops.
The cyclops is heavily wounded.
The black bear bites you but does no damage.
The black bear claws you but does no damage.
The black bear closely misses you. The cyclops hits you!!
You die... ....... ....... ## ....... .. ...# ....... #. ....# ....... .### #$###...# ....... ..$..#.h.....# .##+++# #...hC#....# ##.lVWc

#)###@#....# #..._$.
#..)%.#....### #8$.8$.
..$..#.........#.#.$....
.### #.###.......##.8\8
.[..#.........##.######
#........#............ ###
#.###...####?.......#.
....#...................#.
#......[.#.#######.#..###


You could see a cyclops, a black bear and a hound.

Vanquished Creatures
  Sigmund (D:5)
  2 centaurs
  A phantom (D:5)
  A bullfrog (D:6)
  3 scorpions
  3 jellies
  A gnoll bouda (D:5)
  5 hounds
  2 iguanas (D:5)
  Natasha (D:3)
  3 orc wizards (D:3)
  Robin (D:4)
  9 gnolls
  10 adders
  A shadow imp (D:5)
  An ufetubus (D:5)
  3 worms
  3 dart slugs
  11 orcs
  9 bats
  5 endoplasms
  3 giant cockroaches
  12 goblins
  13 hobgoblins
  7 jackals (D:1)
  2 quokkas
  2 ball pythons
  3 frilled lizards (D:2)
  9 kobolds
  4 rats
131 creatures vanquished.

Notes
Turn   | Place    | Note
-------+----------+-------------------------------------------
     0 | D:1      | qw the Gargoyle Hexslinger began the quest for the Orb.
     0 | D:1      | Reached XP level 1. HP: 12/12 MP: 2/2
     0 | D:1      | 0 ||| qw: Version: 0.3-a-46-gb1f654a
     0 | D:1      | 0 ||| qw: Game counter: 1962
     0 | D:1      | 0 ||| qw: Melee chars always use a shield: true
     0 | D:1      | 0 ||| qw: God list: Okawaru
     0 | D:1      | 0 ||| qw: Allow faded altars: false
     0 | D:1      | 0 ||| qw: Do Orc after clearing Dungeon:15 true
     0 | D:1      | 0 ||| qw: Do second Lair branch before Depths: true
     0 | D:1      | 0 ||| qw: Lair rune preference: random
     0 | D:1      | 0 ||| qw: Goals: Normal
     0 | D:1      | 0 ||| PLANNING D:1-11
    65 | D:1      | Reached XP level 2. HP: 16/16 MP: 3/3
   197 | D:1      | Reached skill level 3 in Ranged Weapons
   200 | D:1      | 200 ||| FLEEEEING.
   201 | D:1      | 201 ||| FLEEEEING.
   202 | D:1      | 202 ||| FLEEEEING.
   374 | D:1      | Reached XP level 3. HP: 21/21 MP: 4/4
   667 | D:1      | 667 ||| UPGRADING to ring of positive energy.
   668 | D:1      | 668 ||| READING scroll labelled OSEMEO BILIHOT.
   669 | D:1      | 669 ||| READING scroll labelled DOLETU LAWE.
   670 | D:1      | 670 ||| DRINKING 3 inky potions.
   671 | D:1      | 671 ||| DROPPING scroll of poison.
  1060 | D:2      | Reached XP level 4. HP: 24/26 MP: 5/5
  1102 | D:2      | Reached skill level 4 in Ranged Weapons
  1631 | D:2      | 1631 ||| UPGRADING to +0 ring mail.
  1641 | D:2      | 1641 ||| DROPPING +0 robe.
  1642 | D:2      | 1642 ||| UPGRADING to +2 helmet.
  1647 | D:2      | 1647 ||| READING 2 scrolls labelled XOAPAM ONODGH.
  1648 | D:2      | 1648 ||| READING scroll labelled HUSCHAEPS QIEL.
  1653 | D:2      | 1653 ||| READING scroll labelled SIASIDGHU HOCWOD.
  1750 | D:3      | 1750 ||| Stepping ~*~*~tactically~*~*~ (outnumbered).
  1752 | D:3      | 1752 ||| Stepping ~*~*~tactically~*~*~ (outnumbered).
  1763 | D:3      | Reached skill level 1 in Armour
  1765 | D:3      | Reached XP level 5. HP: 20/30 MP: 6/6
  1926 | D:3      | Reached skill level 5 in Ranged Weapons
  1944 | D:3      | Noticed Natasha
  1945 | D:3      | 1945 ||| Stepping ~*~*~tactically~*~*~ (outnumbered).
  1952 | D:3      | Killed Natasha
  1953 | D:3      | Reached skill level 3 in Fighting
  1968 | D:3      | Reached XP level 6. HP: 23/37 MP: 7/7
  2116 | D:3      | Found a faded altar of an unknown god.
  2508 | D:4      | Noticed Robin
  2512 | D:4      | 2512 ||| STAIRDANCE
  2524 | D:3      | HP: 5/37 [goblin/+2 dagger of speed[Robin] (6)]
  2525 | D:3      | 2525 ||| DRINKING 2 potions of heal wounds.
  2562 | D:4      | Killed Robin
  2563 | D:4      | 2563 ||| STAIRDANCE
  2630 | D:4      | Found a hide-covered altar of Uskayaw.
  2900 | D:4      | Reached skill level 6 in Ranged Weapons
  2903 | D:4      | Found a sacrificial altar of Ru.
  2905 | D:4      | Found a bloodstained altar of Trog.
  3024 | D:4      | 3024 ||| READING scroll labelled ASHREC YBLESYV.
  3030 | D:5      | Entered Level 5 of the Dungeon
  3155 | D:5      | Found a white marble altar of Elyvilon.
  3182 | D:5      | Found a shimmering altar of Xom.
  3182 | D:5      | Found a blossoming altar of Fedhas.
  3184 | D:5      | Found a shimmering blue altar of Sif Muna.
  3184 | D:5      | Found an iron altar of Okawaru.
  3184 | D:5      | Found a shimmering altar of Xom.
  3185 | D:5      | 3185 ||| PLANNING OKAWARU WORSHIP
  3192 | D:5      | 3192 ||| PLANNING D:1-11
  3192 | D:5      | 3192 ||| Stepping randomly (stuck).
  3359 | D:5      | Reached XP level 7. HP: 27/43 MP: 8/8
  3497 | D:5      | Noticed Sigmund
  3508 | D:5      | Killed Sigmund
  3509 | D:5      | Reached skill level 7 in Ranged Weapons
  3616 | D:5      | Found a runed translucent door.
  3616 | D:5      | Noticed qw's ghost (amateur DEHu)
  3666 | D:5      | 3666 ||| Stepping ~*~*~tactically~*~*~ (outnumbered).
  3672 | D:5      | 3672 ||| Stepping ~*~*~tactically~*~*~ (outnumbered).
  3684 | D:5      | HP: 10/43 [gnoll/+0 spear[a gnoll bouda] (3)]
  3685 | D:5      | 3685 ||| READING scroll of teleportation.
  3686 | D:5      | 3686 ||| DRINKING 3 potions of heal wounds.
  3688 | D:5      | Reached skill level 8 in Ranged Weapons
  3688 | D:5      | Reached XP level 8. HP: 19/48 MP: 9/9
  3813 | D:5      | 3813 ||| SWAPPING to +0 orcbow.
  3814 | D:5      | 3814 ||| DROPPING +1 sling of draining.
  3972 | D:5      | Found The Oracle's Delphic Readings.
  3976 | D:5      | 3976 ||| BUYING scroll of identify (26 gold).
  3976 | D:5      | Bought a scroll of identify for 26 gold pieces
  3976 | D:5      | 3976 ||| BUYING scroll of identify (26 gold).
  3976 | D:5      | Bought a scroll of identify for 26 gold pieces
  3976 | D:5      | 3976 ||| BUYING scroll of teleportation (39 gold).
  3976 | D:5      | Bought a scroll of teleportation for 39 gold pieces
  3999 | D:5      | 3999 ||| READING 3 scrolls of identify.
  3999 | D:5      | 3999 ||| IDENTIFYING murky grey potion
  4000 | D:5      | 4000 ||| READING 2 scrolls of identify.
  4000 | D:5      | 4000 ||| IDENTIFYING dark potion
  4001 | D:5      | 4001 ||| DROPPING potion of berserk rage.
  4046 | D:6      | HP: 10/48 [centaur/arrow (9)]
  4047 | D:6      | 4047 ||| READING scroll of teleportation.
  4049 | D:6      | 4049 ||| DRINKING 2 potions of heal wounds.
  4206 | D:6      | Found a glowing golden altar of the Shining One.
  4269 | D:6      | Found a runed translucent gate.
  4269 | D:6      | Found a runed translucent gate.
  4269 | D:6      | Found a runed translucent gate.
  4271 | D:6      | Found an opulent altar of Gozag.
  4271 | D:6      | Noticed a vampire
  4272 | D:6      | Noticed qw's ghost (novice GrFi)
  4283 | D:6      | Identified the +8 ring mail of Plog {rElec Will+ MP-9
                  | Str+3}
  4468 | D:6      | Found Yjalos's General Store.
  4468 | D:6      | Found Icaheqom's Specific Store.
  4476 | D:6      | 4476 ||| SHOPLISTING +3 Mad Mage's Maulers {Infuse+∞ VampMP
                  | -Cast} (560 gold, have 177).
  4476 | D:6      | 4476 ||| BUYING scroll of identify (28 gold).
  4476 | D:6      | Bought a scroll of identify for 28 gold pieces
  4645 | D:6      | Noticed a cyclops
  4653 | D:6      | Reached skill level 9 in Ranged Weapons
  4658 | D:6      | Mangled by a cyclops

Levels and vault maps discovered:
D:1:      nzn_arrival_settlement, layout_basic, minmay_misc_feat_doors,
          minivault_24
D:2:      layout_basic
D:3:      layout_loops_ring, hellmonk_ecumenical_altar_zigzags, uniq_natasha
D:4:      layout_cave_pools, general_overflow_altar, jmf_multi_god_temple,
          uniq_robin
D:5:      layout_loops_ring, doesnt_xom_only_xom, gammafunk_ghost_grave,
          nicolae_nh_oracle_at_delphi, uniq_sigmund
D:6:      hangedman_cross_stitches, layout_basic, tso_metal_star,
          ebering_ghost_gozag, nicolae_specific_store

Skill      XL: |  1  2  3  4  5  6  7  8 |
---------------+-------------------------+-----
Ranged Weapons | 3 4 5 6 8 9 |  9.0
Fighting       | 2 3 4 5 |  5.0
Armour         | 1 2 |  2.7
Dodging        | |  1.5
Spellcasting   | |  1.0
Hexes          | |  2.6

Action                     |  1- 3 |  4- 6 |  7- 9 || total
---------------------------+-------+-------+-------++-------
   Fire: Sling             |   133 |   227 |    85 ||   445
         Orcbow            |       |       |    86 ||    86
    Use: Scroll            |     2 |     4 |     4 ||    10
         Potion            |     1 |     1 |     2 ||     4
 Armour: Robe              |    17 |     2 |       ||    19
         Ring mail         |       |    97 |    93 ||   190
  Dodge: Dodged            |    45 |   102 |    76 ||   223

Table legend:
 A = Non-vault XP
 B = Vault XP
 C = Vault XP percentage of total XP
 D = Non-vault monster count
 E = Vault monster count
 F = Vault count percentage of total count
                 A         B        C        D         E       F
            +---------+---------+-------+---------+---------+-------
      Total |    1262 |     689 |  35.3 |     107 |      24 |  18.3
            +---------+---------+-------+---------+---------+-------
        D:1 |      51 |       0 |   0.0 |      26 |       0 |   0.0
        D:2 |      68 |       0 |   0.0 |      25 |       0 |   0.0
        D:3 |     207 |      52 |  20.1 |      21 |      11 |  34.4
        D:4 |      29 |     103 |  78.0 |       8 |       4 |  33.3
        D:5 |     480 |     339 |  41.4 |      18 |       3 |  14.3
        D:6 |     427 |     195 |  31.4 |       9 |       6 |  40.0
            +---------+---------+-------+---------+---------+-------
